Map: Ice and Chrome LE

Players

MarineLorD

  • Race: Terran Terran
  • League: Master
  • Spawn Location: 7:00

AGOElazer (Elazer) - Winner!

  • Race: Zerg Zerg
  • League: Master
  • Spawn Location: 1:00

Event: DreamHack SC2 Masters 2020 Fall

VOD

Have the link to the VOD?

Description

Time

  • Played on: Sept. 2, 2020, 2 p.m.
  • Length: 10:35

All games in this series

Show
View Real Time Build Order
Export as new Build Order

MarineLorD Terran 

Build Orders: Reaper Expand 

Get SALT Encoding   

  12  0:00  SCV  
  13  0:12  SCV  
  14  0:16  Supply Depot  
  14  0:24  SCV  
  15  0:38  Barracks, SCV  
  16  0:42  Refinery  
  16  0:50  SCV  
  17  1:02  SCV  
  18  1:14  SCV  
  19  1:25  Reaper  
  20  1:26  Orbital Command  
  20  1:38  Command Center  
  20  1:47  Supply Depot  
  20  1:52  SCV  
  21  1:57  Marine  
  22  2:04  SCV  
  23  2:10  Factory  
  24  2:16  SCV  
  24  2:20  Barracks Reactor  
  24  2:28  SCV  
  25  2:38  Command Center  
  25  2:40  SCV  
  26  2:51  Orbital Command  
  26  2:53  SCV  
  27  2:58  Barracks  
  27  3:05  Barracks Tech Lab, SCV  
  28  3:12  Hellion x2  
  32  3:20  SCV  
  32  3:21  SCV  
  32  3:23  Stimpack, Marine  
  35  3:32  Refinery, SCV  
  35  3:33  SCV  
  37  3:41  Marine  
  37  3:43  Factory Reactor  
  37  3:44  SCV  
  37  3:45  SCV  
  40  3:52  Supply Depot  
  40  3:53  Orbital Command  
  40  3:56  SCV, Marine x2  
  40  4:01  SCV  
  44  4:05  Marine  
  45  4:12  SCV  
  45  4:13  Starport, SCV  
  45  4:15  Supply Depot  
  47  4:18  Marine x2  
  47  4:20  SCV  
  47  4:23  Marine  
  52  4:24  SCV  
  52  4:25  SCV  
  53  4:32  SCV  
  53  4:36  SCV, Marine x2  
  53  4:37  SCV  
  58  4:40  Supply Depot  
  58  4:41  Marine  
  59  4:46  Engineering Bay x2, Refinery, Factory Tech Lab, SCV  
  59  4:47  Refinery  
  59  4:48  SCV  
  59  4:49  SCV  
  62  4:55  Medivac x2  
  62  4:56  Marine x2  
  62  4:58  SCV  
  62  4:59  Marine  
  70  5:00  SCV  
  70  5:01  SCV  
  70  5:03  Combat Shield  
  70  5:06  Barracks  
  72  5:12  Orbital Command, SCV  
  72  5:14  SCV, Marine x2  
  75  5:21  Supply Depot  
  76  5:24  SCV  
  76  5:25  Barracks  
  76  5:26  Barracks  
  77  5:29  SCV  
  77  5:32  Marine x3  
  81  5:36  SCV  
  81  5:37  Siege Tank  
  81  5:42  SCV x2  
  87  5:43  Terran Infantry Weapons Level 1, Supply Depot  
  87  5:46  Terran Infantry Armor Level 1  
  83  5:57  Marine x3  
  83  5:58  Marine  
  84  6:06  SCV x2  
  72  6:13  Siege Tank  
  72  6:15  Marine x4, Barracks Reactor  
  72  6:16  Barracks Reactor  
  77  6:20  SCV x2  
  77  6:23  Medivac  
  78  6:32  Marine  
  78  6:33  Marine x3  
  78  6:35  Orbital Command  
  72  6:46  Siege Tank  
  67  6:50  Marine x2  
  67  6:51  Marine x6  
  69  7:01  SCV x2  
  68  7:03  Missile Turret  
  68  7:05  Missile Turret  
  68  7:08  Marine x2  
  68  7:09  Marine x5  
  68  7:12  Medivac x2  
  75  7:17  Armory  
  75  7:18  SCV  
  75  7:19  SCV  
  75  7:20  Barracks Reactor  
  75  7:21  Missile Turret  
  77  7:24  Siege Tank  
  77  7:26  Marine x2  
  77  7:27  Marine x5  
  82  7:31  SCV  
  78  7:44  Marine x4  
  70  7:45  Marine x3  
  61  8:00  Siege Tank  
  61  8:01  Marine x2  
  61  8:02  Marine x6  
  61  8:03  Marine  
  69  8:06  Medivac x2  
  69  8:11  Terran Infantry Weapons Level 2, Terran Infantry Armor Level 2  
  73  8:13  SCV  
  73  8:14  SCV  
  73  8:18  Marine  
  73  8:19  Marine x3  
  77  8:20  Orbital Command, Marine x2  
  77  8:24  Marine x2  
  77  8:26  Marine  
  77  8:28  SCV x2  
  79  8:36  Medivac x2, Marine x2  
  79  8:37  Marine x2  
  79  8:38  Marine x2  
  79  8:40  Barracks, SCV x2  
  91  8:42  Barracks x2, Marine  
  92  8:51  Siege Tank  
  92  8:55  Missile Turret  
  95  8:57  Supply Depot  
  95  8:59  Marine x4  
  95  9:00  Supply Depot  
  95  9:01  Marine x2  
  95  9:02  Supply Depot  
  95  9:08  SCV x3  
  98  9:13  Marine x3  
  101  9:18  Medivac, Marine x3  
  101  9:24  Marine x2  
  106  9:26  Marine  
  106  9:29  Supply Depot, Barracks Reactor x2  
  106  9:31  Marine  
  109  9:32  Barracks Reactor  
  109  9:34  Marine x2  
  89  9:46  Marine x5  
  89  9:47  Marine  
  89  9:49  Marine  
  89  9:52  Marine x2  
  87  9:53  SCV x3  
  87  9:56  Siege Tank  
  95  10:03  Marine x2  
  95  10:04  Marine x3  
  95  10:05  Marine x3  
  95  10:06  Marine x3  
  106  10:09  Missile Turret  
  106  10:10  Marine x2  
  106  10:11  Marine x2  
Show
View Real Time Build Order
Export as new Build Order

AGOElazer Zerg - Winner!

Build Orders: Hatch First, Muta Ling Bane 

Get SALT Encoding   

  12  0:00  Drone  
  13  0:12  Overlord  
  13  0:17  Drone  
  14  0:30  Drone x2  
  16  0:48  Hatchery  
  15  0:51  Drone  
  15  0:54  Drone  
  17  0:57  Drone  
  18  1:08  Extractor  
  17  1:12  Spawning Pool  
  17  1:15  Drone  
  17  1:19  Drone  
  18  1:28  Drone  
  19  1:38  Drone  
  20  1:50  Drone  
  21  1:59  Queen  
  21  2:00  Queen, Zergling x2  
  21  2:01  Overlord  
  26  2:11  Drone, Metabolic Boost, Zergling x2  
  28  2:21  Drone x2  
  29  2:35  Drone x2  
  31  2:39  Queen x2  
  31  2:43  Overlord  
  34  2:46  Drone  
  35  2:53  Overlord  
  35  3:02  Drone  
  35  3:05  Zergling x2  
  37  3:06  Drone  
  37  3:09  Drone x5  
  43  3:15  Drone  
  44  3:20  Drone x2  
  46  3:30  Lair, Hatchery  
  46  3:32  Drone  
  46  3:35  Extractor  
  46  3:36  Overlord  
  46  3:39  Drone  
  46  3:40  Drone  
  47  3:50  Drone x3  
  47  3:51  Drone  
  47  3:55  Extractor  
  50  3:56  Drone x3, Extractor  
  52  4:05  Baneling Nest  
  52  4:06  Drone x2  
  53  4:13  Overlord  
  53  4:14  Drone  
  54  4:22  Drone x6  
  60  4:26  Overlord  
  60  4:31  Queen  
  60  4:32  Spire  
  60  4:33  Drone  
  60  4:36  Drone  
  63  4:38  Drone  
  63  4:44  Drone  
  65  4:47  Zergling x2  
  65  4:49  Centrifical Hooks  
  65  4:52  Zergling x8  
  70  4:53  Extractor  
  70  4:55  Drone x4  
  73  5:08  Overseer  
  73  5:09  Overlord  
  73  5:10  Drone x2  
  73  5:11  Drone  
  73  5:12  Overlord  
  76  5:17  Zergling x8  
  76  5:20  Baneling x5  
  80  5:24  Zergling x4  
  82  5:30  Overlord  
  82  5:31  Zergling x6  
  82  5:35  Zergling x2  
  86  5:41  Zergling x10  
  91  5:46  Mutalisk x3  
  95  5:55  Mutalisk x3  
  98  5:59  Zergling x10  
  98  6:10  Zergling x6  
  94  6:16  Zergling x2  
  92  6:19  Queen  
  92  6:22  Mutalisk  
  92  6:24  Overlord x2  
  96  6:26  Zerg Flyer Weapons Level 1  
  96  6:28  Evolution Chamber x2  
  96  6:32  Hatchery  
  90  6:34  Mutalisk x2  
  90  6:40  Mutalisk  
  90  6:41  Mutalisk x2  
  90  6:45  Mutalisk  
  91  6:54  Mutalisk  
  91  6:57  Zerg Melee Weapons Level 1  
  91  7:00  Overlord  
  92  7:04  Extractor  
  92  7:05  Zergling x10  
  96  7:16  Zergling x10  
  96  7:20  Pneumatized Carapace  
  96  7:21  Overlord  
  96  7:22  Drone  
  102  7:25  Drone  
  102  7:28  Drone x2  
  102  7:29  Drone  
  104  7:32  Drone x2  
  104  7:36  Drone x5  
  111  7:41  Drone x3  
  107  7:44  Drone x2  
  107  7:45  Queen  
  107  7:47  Drone  
  107  7:50  Mutalisk  
  113  7:55  Mutalisk x2  
  113  8:01  Mutalisk x2  
  113  8:05  Mutalisk, Hatchery  
  114  8:06  Mutalisk  
  114  8:11  Mutalisk  
  120  8:13  Mutalisk  
  120  8:16  Zergling x12  
  120  8:19  Overlord x2  
  128  8:27  Overlord, Zergling x8  
  121  8:31  Extractor  
  121  8:33  Mutalisk x2  
  127  8:36  Overlord x2  
  127  8:38  Zerg Ground Armor Level 1  
  127  8:39  Zergling x4  
  129  8:44  Zergling x18  
  138  8:49  Overlord  
  138  8:51  Overlord  
  138  9:04  Overlord  
  138  9:05  Baneling x8  
  138  9:06  Zergling x14  
  145  9:12  Drone x11  
  156  9:17  Mutalisk x2  
  160  9:25  Zergling x6  
  160  9:28  Zergling x2  
  160  9:29  Zergling x2, Hatchery  
  164  9:35  Zergling x6  
  163  9:41  Zergling x6  
  163  9:42  Zergling x14  
  152  9:47  Zergling x14  
  153  9:53  Mutalisk x2  
  153  9:56  Baneling x6  
  153  9:57  Zergling x6  
  153  9:58  Baneling x12  
  160  10:02  Mutalisk  
  160  10:06  Mutalisk x2  
  162  10:11  Zergling x16  

Tags
 
Add a new tag
Caveats
  • Supply blocks, unpowered buildings, or Contaminate may cause inaccurate times.
  • Supply counts are checked every 10 seconds.